 Dungeon Crawl Stone Soup version 0.27-a0-951-gae3e1deef5 (webtiles) character file.

Game seed: 3483809961398742569

5946 Alarkh the Martial Artist (level 10, 0/92 HPs)
             Began as a Demonspawn Transmuter on Apr 11, 2021.
             Was a Believer of Cheibriados.
             Slain by a two-headed ogre
             ... wielding a +0 giant spiked club
              (9 damage)
             ... on level 9 of the Dungeon.
             The game lasted 00:19:38 (10607 turns).

Alarkh the Martial Artist (Demonspawn Transmuter)  Turns: 10607, Time: 00:19:39

Health: 0/92       AC:  7    Str: 16    XL:     10   Next: 54%
Magic:  16/19      EV: 11    Int: 24    God:    Cheibriados [**....]
Gold:   436        SH:  0    Dex: 20    Spells: 11/21 levels left

rFire    x . .     SeeInvis .     - Unarmed
rCold    + + +     Faith    .   (shield currently unavailable)
rNeg     . . .     Spirit   .   (armour currently unavailable)
rPois    +         Reflect  .   (helmet currently unavailable)
rElec    .         Harm     .   (cloak currently unavailable)
rCorr    .         Rampage  .   (gloves currently unavailable)
Will     .....                  (boots currently unavailable)
Stlth    ++........             (no amulet)
HPRegen  0.25/turn              (no ring)
MPRegen  0.16/turn              (no ring)

@: ice-form, very slow
A: freezing attack, amphibious, boosted hp, large, (claws 2), powered by death
2, (sanguine armour 1)
a: End Transformation, Renounce Religion, Bend Time


You were on level 9 of the Dungeon.
You worshipped Cheibriados.
Cheibriados was pleased with you.
You were a creature of crystalline ice.
You visited 2 branches of the dungeon, and saw 10 of its levels.
You also visited: Ossuary.

You collected 436 gold pieces.

Inventory:

Missiles
 i - 19 boomerangs of dispersal
 y - a throwing net
Armour
 a - a +0 robe (melded)
 f - a +0 helmet
 q - a +0 cloak (melded)
 u - a +0 pair of boots (melded)
 x - a +1 scale mail of poison resistance
 B - a +2 helmet (melded)
Wands
 n - a wand of paralysis (5)
 w - a wand of acid (8)
 z - a wand of iceblast (7)
Scrolls
 b - 3 scrolls of fog
 g - a scroll of acquirement {unknown}
 k - 3 scrolls of teleportation
 l - 2 scrolls of enchant weapon
 r - a scroll of identify
 v - a scroll of silence {unknown}
 C - a scroll of immolation {unknown}
Potions
 c - a potion of heal wounds
 d - 7 potions of degeneration
 e - 2 potions of curing
 h - a potion of flight
 j - 2 potions of cancellation
 m - a potion of mutation
 o - a potion of attraction
 p - a potion of resistance
 s - a potion of magic {unknown}
 t - a potion of invisibility {unknown}
 A - a potion of experience {unknown}


   Skills:
 + Level 6.3 Fighting
 + Level 2.7 Armour
 + Level 2.4 Dodging
 + Level 2.3 Stealth
 * Level 9.0 Unarmed Combat
 - Level 6.0 Spellcasting
 - Level 6.0 Transmutations
 - Level 4.0 Ice Magic
 + Level 3.1 Invocations


You had 11 spell levels left.
You knew the following spells:

 Your Spells              Type           Power      Damage    Failure   Level
a - Wereblood             Tmut           36%        N/A       1%          2
b - Spider Form           Tmut/Pois      10%        N/A       7%          3
c - Ice Form              Ice/Tmut       31%        N/A       10%         4
d - Beastly Appendage     Tmut           72%        N/A       1%          1

Your spell library contained the following spells:

 Spells                   Type           Power      Damage    Failure   Level
 Animate Skeleton         Necr           14%        N/A       8%          1
 Apportation              Tloc           14%        N/A       8%          1
 Corona                   Hex            7%         N/A       8%          1
 Summon Small Mammal      Summ           28%        N/A       8%          1
 Poisonous Vapours        Pois/Air       14%        N/A       12%         2
 Hydra Form               Tmut           18%        N/A       19%         5
 Conjure Flame            Conj/Fire      7%         6-21      24%         3
 Mephitic Cloud           Conj/Pois/Air  7%         N/A       24%         3
 Freezing Cloud           Conj/Ice/Air   6%         6-21      100%        6


Dungeon Overview and Level Annotations

Branches:
Dungeon (9/15)             Temple (1/1) D:6         Ossuary (visited)
   Lair: D:8-11         Orc: D:9-12

Altars:
Ashenzari
Cheibriados
Dithmenos
Elyvilon
Fedhas
Gozag
Hepliaklqana
Kikubaaqudgha
Makhleb
Nemelex Xobeh
Qazlal
Ru
Sif Muna
Trog
Uskayaw
Vehumet
Yredelemnul
Zin
The Shining One

Shops:
D:6 (

Annotations:
D:8 1 runed translucent door


Innate Abilities, Weirdness & Mutations

You are a creature of crystalline ice.
You have a powerful freezing melee attack.
You are amphibious.
Your maximum health is increased.
Your armour is entirely melded.
You are incapable of wielding weapons or throwing items.
((You have very sharp fingernails.))
You regenerate health from kills.
((When seriously injured, your bleeding wounds create armour. (AC +0)))


Message History

HP restored.
There is an open door here.
Found a stone staircase leading down.
A two-headed ogre comes into view.
It is wielding a +0 giant spiked club and a +0 giant club.
The two-headed ogre shouts in stereo!
Casting: Spider Form (dangerous; 7% risk of failure)
Confirm with . or Enter, or press ? or * to list all spells.
You turn into a creature of crystalline ice.
Your +0 cloak melds into your body.
Your +2 helmet melds into your body.
Your +0 pair of boots melds into your body.
Your +0 robe melds into your body.
You hit the two-headed ogre but do no damage.
The two-headed ogre hits you with a +0 giant spiked club!
The two-headed ogre hits you with a +0 giant club!!
You punch the two-headed ogre! You freeze the two-headed ogre.
The two-headed ogre is lightly wounded.
You hit the two-headed ogre. You freeze the two-headed ogre.
The two-headed ogre is moderately wounded.
The two-headed ogre hits you with a +0 giant spiked club.
The two-headed ogre hits you with a +0 giant club!
You are too injured to fight recklessly!
You punch the two-headed ogre! You freeze the two-headed ogre.
The two-headed ogre is moderately wounded.
You hit the two-headed ogre but do no damage.
The two-headed ogre is moderately wounded.
The two-headed ogre hits you with a +0 giant spiked club!!
* * * LOW HITPOINT WARNING * * *
The two-headed ogre hits you but does no damage.
You punch the two-headed ogre! You freeze the two-headed ogre.
The two-headed ogre is severely wounded.
The two-headed ogre closely misses you.
The two-headed ogre hits you with a +0 giant club!
* * * LOW HITPOINT WARNING * * *
You punch the two-headed ogre! You freeze the two-headed ogre.
The two-headed ogre is almost dead.
You barely miss the two-headed ogre.
The two-headed ogre is almost dead.
The two-headed ogre misses you.
The two-headed ogre hits you with a +0 giant club!
You die...

'....# #....# ##...#
##...# #
#...#################'#
+......................
#......................
#.....................#
#.>.###....##..YO......
##### #######...##.....
##### ..# .


You could see a two-headed ogre.

Vanquished Creatures
  A two-headed ogre (D:8)
  Maggie (D:7)
  A hornet (D:7)
  Prince Ribbit (D:7)
  A wyvern (D:8)
  3 steam dragons
  A water moccasin (D:6)
  A black bear (D:5)
  2 orc warriors (D:8)
  3 ice beasts
  3 ogres
  4 centaurs
  2 wyvern zombies
  A kobold brigand (D:6)
  2 bullfrogs
  A scorpion (D:6)
  5 water moccasin zombies
  A gnoll sergeant (D:7)
  12 killer bees (D:7)
  3 howler monkeys (D:8)
  5 centaur zombies
  3 bullfrog zombies
  3 jellies
  2 centaur skeletons
  A bullfrog skeleton (D:5)
  2 hounds
  5 orc priests
  Crazy Yiuf (D:4)
  Natasha (thrice) (D:4)
  Ijyb (D:4)
  6 orc wizards
  4 killer bee zombies (Ossuary)
  11 mummies (Ossuary)
  2 howler monkey zombies (Ossuary)
  Robin (D:2)
  3 gnolls (D:7)
  4 adders
  2 shadow imps
  3 white imps
  3 ufetubi
  An adder skeleton (D:4)
  A worm (D:3)
  5 dart slugs
  35 orcs
  An endoplasm (D:3)
  15 goblins
  3 hobgoblins
  3 jackals (D:5)
  10 kobolds
  4 quokkas
  4 ball pythons
  8 bats
  8 frilled lizards
  7 rats
219 creatures vanquished.

Vanquished Creatures (others)
  11 withered plants (Ossuary)
11 creatures vanquished.

Grand Total: 230 creatures vanquished

Notes
Turn   | Place    | Note
-------+----------+-------------------------------------------
     0 | D:1      | Alarkh the Demonspawn Transmuter began the quest for the
                  | Orb.
     0 | D:1      | Reached XP level 1. HP: 15/15 MP: 3/3
   129 | D:1      | Found a faded altar of an unknown god.
   329 | D:1      | Gained mutation: You regenerate a little health from kills.
                  | [demonic ancestry]
   329 | D:1      | Reached XP level 2. HP: 21/21 MP: 5/5
   436 | D:1      | Reached skill level 3 in Unarmed Combat
  1170 | D:2      | Gained mutation: When seriously injured, your bleeding
                  | wounds create armour. (AC +0) [demonic ancestry]
  1170 | D:2      | Reached XP level 3. HP: 24/26 MP: 4/6
  1244 | D:2      | Learned a level 3 spell: Spider Form
  1262 | D:2      | Noticed Robin
  1294 | D:2      | Killed Robin
  1556 | D:3      | Gained mutation: You regenerate health from kills. [demonic
                  | ancestry]
  1556 | D:3      | Reached XP level 4. HP: 26/33 MP: 0/7
  2102 | D:4      | Reached skill level 4 in Unarmed Combat
  2102 | D:4      | Reached XP level 5. HP: 29/39 MP: 7/9
  2183 | D:4      | Noticed Natasha
  2197 | D:4      | Killed Natasha
  2304 | D:4      | Learned a level 4 spell: Ice Form
  2742 | D:4      | Noticed an ice beast
  2829 | D:4      | Noticed Ijyb
  2842 | D:4      | Killed Ijyb
  2843 | D:4      | Reached XP level 6. HP: 22/46 MP: 7/10
  3104 | D:4      | Noticed Natasha
  3123 | D:4      | Killed Natasha
  3151 | D:4      | Noticed Natasha
  3157 | D:4      | Killed Natasha
  3158 | D:4      | Reached skill level 1 in Ice Magic
  3417 | D:4      | Killed an ice beast
  3600 | D:4      | Found a runed translucent door.
  3601 | D:4      | Noticed Crazy Yiuf
  3830 | D:4      | Killed Crazy Yiuf
  3892 | D:5      | Entered Level 5 of the Dungeon
  3937 | D:5      | Found a basalt altar of Yredelemnul.
  3966 | D:5      | Reached XP level 7. HP: 35/52 MP: 12/12
  3978 | D:5      | You fall into a shaft and drop 2 floors!
  4002 | D:7      | Reached skill level 5 in Unarmed Combat
  4465 | D:5      | Found a sand-covered staircase.
  4473 | Ossuary  | Entered an ossuary
  4669 | Ossuary  | Gained mutation: You have sharp fingernails. [demonic
                  | ancestry]
  4669 | Ossuary  | Reached XP level 8. HP: 19/60 MP: 12/14
  4719 | Ossuary  | Reached skill level 6 in Unarmed Combat
  6184 | D:6      | HP: 1/61 [something] (10)]
  6462 | D:6      | Gained mutation: You have very sharp fingernails. [demonic
                  | ancestry]
  6462 | D:6      | Reached XP level 9. HP: 40/66 MP: 12/16
  6478 | D:6      | Reached skill level 7 in Unarmed Combat
  6622 | D:6      | Found a staircase to the Ecumenical Temple.
  6767 | D:6      | Reached skill level 5 in Spellcasting
  6835 | D:6      | Found Cuotin's Weapon Emporium.
  6876 | Temple   | Entered the Ecumenical Temple
  7193 | Temple   | Became a worshipper of Cheibriados the Contemplative
  7285 | D:6      | Reached skill level 5 in Fighting
  7320 | D:6      | Reached skill level 5 in Transmutations
  7841 | D:7      | Reached skill level 1 in Armour
  7841 | D:7      | Reached * piety under Cheibriados
  7868 | D:7      | Learned a level 2 spell: Wereblood
  8347 | D:7      | Reached skill level 8 in Unarmed Combat
  8371 | D:7      | Noticed Prince Ribbit
  8380 | D:7      | Noticed Maggie
  8388 | D:7      | Killed Prince Ribbit
  8713 | D:7      | Killed Maggie
  8714 | D:7      | Reached skill level 1 in Invocations
  8714 | D:7      | Reached XP level 10. HP: 49/76 MP: 14/18
  8863 | D:7      | Reached ** piety under Cheibriados
  8938 | D:7      | Reached skill level 1 in Stealth
  9585 | D:8      | Noticed a two-headed ogre
  9594 | D:8      | Killed a two-headed ogre
  9601 | D:8      | Reached skill level 9 in Unarmed Combat
 10052 | D:8      | Found a runed translucent door.
 10498 | D:8      | Noticed a deep elf pyromancer
 10499 | D:8      | Noticed a two-headed ogre
 10500 | D:8      | Noticed a seven-headed hydra
 10596 | D:9      | Noticed a two-headed ogre
 10607 | D:9      | Slain by a two-headed ogre

Illustrated notes

Levels and vault maps discovered:
D:1:      doesnt_arrival_eight_statues, layout_loops_cross,
          ebering_ecumenical_altar_petrified, serial_bayou_crossing
D:2:      layout_basic, minmay_pentomino_s2, uniq_robin
D:3:      layout_rooms, chequers_garden, minmay_guardbox
D:4:      layout_loops_ring, grunt_ministairs_8, hangedman_decor_slide_cut,
          roderic_batcave, uniq_crazy_yiuf_cottage, uniq_ijyb, uniq_natasha
D:5:      layout_basic, yredelemnul_altar_generic,
          lightli_ossuary_entry_decrepit_ruins, corexii_corridor_pit,
          wad_floor_pattern_untrapped, kennysheep_potato
D:6:      layout_loops_cross, minmay_temple_entry_ruins, serial_shops,
          nicolae_shop_temple_entry_statues_fountains, minmay_unpleasant_kobolds
D:7:      layout_basic, uniq_prince_ribbit1, uniq_maggie
D:8:      layout_basic, wad_hexagon
D:9:      minmay_shrinking_squares, layout_gridville, minitemple,
          david_lair_shrubbed, minmay_misc_feat_enclosed,
          amcnicky_mini_rare_corridor_liquid, uniq_maurice
Temple:   dpeg_five_rooms_temple

Skill      XL: |  1  2  3  4  5  6  7  8  9 10 |
---------------+-------------------------------+-----
Transmutations | 2 3 4 5 6 |  6.0
Unarmed Combat | 3 4 5 6 8 9 |  9.0
Fighting       | 2 3 4 5 6 |  6.3
Spellcasting   | 3 4 5 6 |  6.0
Ice Magic      | 1 2 3 4 |  4.0
Armour         | 2 |  2.7
Invocations    | 1 3 |  3.1
Stealth        | 2 |  2.3
Dodging        | 2 |  2.4

Action                   |  1- 3 |  4- 6 |  7- 9 | 10-12 || total
-------------------------+-------+-------+-------+-------++-------
Melee: Unarmed           |    95 |   243 |   441 |   102 ||   881
       Headbutt          |     5 |     8 |    38 |       ||    51
       Kick              |     7 |    24 |    52 |       ||    83
       Punch             |     2 |     3 |     8 |     1 ||    14
 Cast: Beastly Appendage |    20 |    19 |    25 |       ||    64
       Spider Form       |     2 |     8 |     6 |     1 ||    17
       Ice Form          |       |       |     7 |     8 ||    15
       Wereblood         |       |       |     2 |     4 ||     6
Evoke: Wand              |       |       |     1 |       ||     1
  Use: Scroll            |       |     2 |     8 |     1 ||    11
       Potion            |       |       |     5 |     4 ||     9
 Stab: Sleeping          |     1 |     1 |       |     1 ||     3
       Paralysed         |       |       |    11 |       ||    11
Armor: Robe              |    12 |    47 |    65 |     5 ||   129
       Skin              |     1 |     5 |    20 |    11 ||    37
       Scale mail        |       |       |    23 |       ||    23
Dodge: Dodged            |    60 |   168 |   288 |    44 ||   560

Table legend: (Time is in decaauts)
 A = Elapsed time spent in this place.
 B = Non-inter-level travel time spent in this place.
 C = Inter-level travel time spent in this place.
 D = Time resting spent in this place.
 E = Time spent auto-exploring this place.
 F = Levels seen in this place.
 G = Mean time per level.
                   A        B        C        D        E       F      G
               +--------+--------+--------+--------+--------+-----+--------+
         Total |  11453 |  10816 |    637 |   1457 |   7550 |  11 | 1041.2 |
       Dungeon |  10233 |   9716 |    517 |   1195 |   7023 |   9 | 1137.0 |
        Temple |    382 |    262 |    120 |      0 |    261 |   1 |  382.0 |
       Ossuary |    837 |    837 |      0 |    262 |    266 |   1 |  837.0 |
               +--------+--------+--------+--------+--------+-----+--------+

Top non-repeatable levels by time:
     D:8: 2099 daAuts
     D:7: 1981 daAuts
     D:4: 1451 daAuts
     D:6: 1300 daAuts
     D:3: 941 daAuts
     D:5: 901 daAuts
 Ossuary: 837 daAuts
     D:2: 817 daAuts
     D:1: 671 daAuts
  Temple: 382 daAuts
     D:9: 69 daAuts
